 Dungeon Crawl Stone Soup version 0.25-a0-413-g3b4b6a4ccc (webtiles) character file.

Game seed: 398485056871944877, levelgen mode: deterministic

1950 LennartNight the Grappler (level 8, 70/78 HPs)
             Began as a Troll Berserker on Jan 14, 2020.
             Was a Priest of Trog.
             Quit the game on level 7 of the Dungeon on Jan 15, 2020.
             The game lasted 00:14:23 (4450 turns).

LennartNight the Grappler (Troll Berserker)         Turns: 4450, Time: 00:14:24

Health: 70/78      AC:  8    Str: 28    XL:     8   Next: 99%
Magic:  7/7        EV: 10    Int:  3    God:    Trog [***...]
Gold:   449        SH:  0    Dex:  9    Spells: 7/7 levels left

rFire    x . .     SeeInvis .     - Unarmed
rCold    + . .     Gourm    +   (no shield)
rNeg     . . .     Faith    .   a - +0 animal skin
rPois    .         Spirit   .   (helmet restricted)
rElec    .         Reflect  .   (no cloak)
rCorr    .         Harm     .   (gloves unavailable)
MR       .....                  (boots unavailable)
Stlth    +.........             s - amulet of the acrobat
HPRegen  0.63/turn              m - ring of ice
MPRegen  0.10/turn              p - +2 ring of protection

@: no status effects
A: large, unfitting armour, claws 3, fast metabolism 3, gourmand, regeneration
1, shaggy fur 1, tough skin 3
a: Berserk, Trog's Hand, Renounce Religion


You were on level 7 of the Dungeon.
You worshipped Trog.
Trog was most pleased with you.
You were very hungry.

You visited 1 branch of the dungeon, and saw 7 of its levels.

You collected 449 gold pieces.

Inventory:

Hand Weapons
 C - a +0 giant spiked club
Armour
 a - a +0 animal skin (worn)
Jewellery
 m - a ring of ice (left claw)
 p - a +2 ring of protection (right claw)
 s - an amulet of the acrobat (around neck)
 x - an uncursed amulet of regeneration {unknown}
Wands
 y - a wand of paralysis (7)
Scrolls
 d - 4 scrolls of enchant armour
 e - 5 scrolls of remove curse
 g - 4 scrolls of identify
 h - 2 scrolls of teleportation {unknown}
 i - a scroll of amnesia {unknown}
 j - 2 scrolls of fog {unknown}
 u - a scroll of fear {unknown}
 v - 2 scrolls of vulnerability {unknown}
 w - 2 scrolls of enchant weapon {unknown}
 A - a scroll of immolation {unknown}
 D - a scroll of random uselessness {unknown}
Potions
 c - a potion of degeneration {unknown}
 f - a potion of lignification {unknown}
 k - a potion of flight {unknown}
 l - 3 potions of curing {unknown}
 n - 3 potions of brilliance {unknown}
 o - 2 potions of haste {unknown}
 q - 2 potions of heal wounds {unknown}
 r - 2 potions of cancellation {unknown}
 t - 2 potions of mutation {unknown}
 z - a potion of agility {unknown}
 B - a potion of might {unknown}
Comestibles
 b - 7 rations


   Skills:
 + Level 4.1 Fighting
 - Level 3.2 Dodging
 - Level 0.6 Stealth
 + Level 10.9 Unarmed Combat


You had 7 spell levels left.
You didn't know any spells.
Your spell library was empty.

Dungeon Overview and Level Annotations

Branches:
Dungeon (7/15)             Temple (0/1) D:7

Altars:
Elyvilon
Xom
Yredelemnul


Innate Abilities, Weirdness & Mutations

You are too large for most types of armour.
You have claws for hands.
Your metabolism is lightning-fast.
You like to eat raw meat.
Your natural rate of healing is unusually fast.
You are covered in fur. (AC +1)
You have extremely tough skin. (AC +3)


Message History

No target in view!
No target in view!
No target in view!
No target in view!
The hound is too close now for your liking.
You see here a leopard gecko corpse.
The hound bites you. The hound completely misses you.
You scratch the hound.
The hound is lightly wounded.
The hound bites you.
You miss the hound. Your claw misses the hound.
The hound is lightly wounded.
The hound bites you but does no damage.
You mangle the hound!!
You kill the hound!
Trog accepts your kill.
No target in view!
No target in view!
No target in view!
Are you sure you want to abandon this character and quit the game? (Confirm with "yes".)

##.....####.#.#.#.#######..
#.....'.##.#...#.......#..
#.....#.##.###.#######.#..
#######.##.#.....# #...#
#....##..#.# ###..
###......#.#######..
#(†...##.##....†..
##.................
#.@................
#.†.#...#.........#
#...#.⌠.#.........#
#.###...# #........ #.
............... #. >..⌠
..####.. .. ..


There were no monsters in sight!

Vanquished Creatures
  Pikel (D:5)
  An orc warrior (D:6)
  An ice beast (D:6)
  2 ogres (D:7)
  2 slaves (D:5)
  2 centaurs (D:5)
  A phantom (D:6)
  3 bullfrogs (D:6)
  A scorpion (D:7)
  5 wights (D:6)
  A crimson imp (D:6)
  2 hounds
  An orc priest (D:6)
  3 iguanas
  2 worker ants
  A worker ant zombie (D:5)
  10 adders
  An ooze (D:1)
  An adder zombie (D:6)
  An adder skeleton (D:7)
  A worm (D:6)
  2 dart slugs (D:1)
  6 leopard geckos
  7 orcs
  4 giant cockroaches
  12 hobgoblins
  10 jackals
  A kobold (D:3)
  2 bats
  A frilled lizard (D:2)
  7 goblins
  2 rats
97 creatures vanquished.

Vanquished Creatures (others)
  A hound (D:5)
  An adder (D:5)
  A quokka (D:6)
3 creatures vanquished.

Grand Total: 100 creatures vanquished

Notes
Turn   | Place    | Note
-------+----------+-------------------------------------------
     0 | D:1      | LennartNight the Troll Berserker began the quest for the
                  | Orb.
     0 | D:1      | Reached XP level 1. HP: 22/22 MP: 0/0
   131 | D:1      | Reached XP level 2. HP: 29/29 MP: 1/1
   447 | D:1      | Reached XP level 3. HP: 34/36 MP: 2/2
   593 | D:1      | Found a shimmering altar of Xom.
  1077 | D:2      | Reached ** piety under Trog
  1495 | D:3      | Reached XP level 4. HP: 41/44 MP: 3/3
  1659 | D:3      | Found a basalt altar of Yredelemnul.
  1668 | D:3      | Reached skill level 4 in Unarmed Combat
  2266 | D:4      | Reached XP level 5. HP: 41/52 MP: 4/4
  2607 | D:5      | Entered Level 5 of the Dungeon
  2667 | D:5      | Reached skill level 5 in Unarmed Combat
  2732 | D:5      | Noticed a centaur
  2741 | D:5      | Killed a centaur
  2741 | D:5      | Reached XP level 6. HP: 39/61 MP: 5/5
  2790 | D:5      | Noticed a slave
  2796 | D:5      | Killed a slave
  2799 | D:5      | Noticed a slave
  2800 | D:5      | Noticed a slave
  2800 | D:5      | Noticed a slave
  2801 | D:5      | Noticed Pikel
  2808 | D:5      | Killed a slave
  2826 | D:5      | Killed Pikel
  2826 | D:5      | Reached skill level 7 in Unarmed Combat
  2826 | D:5      | Reached XP level 7. HP: 15/67 MP: 6/6
  3189 | D:5      | Reached skill level 8 in Unarmed Combat
  3646 | D:6      | Reached skill level 9 in Unarmed Combat
  3646 | D:6      | Reached XP level 8. HP: 70/76 MP: 7/7
  3773 | D:6      | Found a white marble altar of Elyvilon.
  3845 | D:6      | Reached *** piety under Trog
  4017 | D:6      | Reached skill level 10 in Unarmed Combat
  4442 | D:7      | Found a staircase to the Ecumenical Temple.
  4450 | D:7      | Quit the game

Levels and vault maps discovered:
D:1:      psy_arrival_conway, layout_basic, fountainhead, minmay_misc_feat_x,
          xom_teletrap_fun
D:2:      layout_rooms
D:3:      layout_basic, yredelemnul_altar_generic, kennysheep_decorative_pillar
D:4:      layout_basic
D:5:      layout_basic, first_ration, uniq_pikel
D:6:      layout_loops_ring, elyvilon_altar_4
D:7:      minmay_blocky_corners, layout_basic, minmay_temple_entry_junction_2,
          minmay_misc_feat_chi

Skill      XL: |  1  2  3  4  5  6  7  8 |
---------------+-------------------------+-----
Dodging        | 3 |  3.2
Unarmed Combat | 4 5 7 9 10 | 10.9
Fighting       | 3 4 |  4.1
Stealth        | |  0.6

Action                   |  1- 3 |  4- 6 |  7- 9 || total
-------------------------+-------+-------+-------++-------
Melee: Unarmed           |    79 |   102 |   106 ||   287
       Punch             |     1 |     1 |     8 ||    10
  Use: Scroll            |       |       |     2 ||     2
  Eat: Chunk             |    10 |    10 |     3 ||    23
       Ration            |       |     2 |     2 ||     4
Armor: Animal skin       |    16 |    30 |    17 ||    63
Dodge: Dodged            |    39 |    48 |    46 ||   133

Table legend:
 A = Non-vault XP
 B = Vault XP
 C = Vault XP percentage of total XP
 D = Non-vault monster count
 E = Vault monster count
 F = Vault count percentage of total count
                 A         B        C        D         E       F
            +---------+---------+-------+---------+---------+-------
      Total |    2157 |     629 |  22.6 |      94 |       1 |   1.1
            +---------+---------+-------+---------+---------+-------
        D:1 |      45 |       0 |   0.0 |      19 |       0 |   0.0
        D:2 |      39 |       0 |   0.0 |      11 |       0 |   0.0
        D:3 |      71 |       0 |   0.0 |      16 |       0 |   0.0
        D:4 |      91 |       0 |   0.0 |       5 |       0 |   0.0
        D:5 |     361 |     629 |  63.5 |      14 |       1 |   6.7
        D:6 |    1145 |       0 |   0.0 |      22 |       0 |   0.0
        D:7 |     405 |       0 |   0.0 |       7 |       0 |   0.0
            +---------+---------+-------+---------+---------+-------
